 Dungeon Crawl Stone Soup version 0.29.1-14-g9c671dbff4 (webtiles) character file.

Game seed: 4398507581075346513

58 tizbic2 the Grasshopper (level 4, 0/23 HPs)
             Began as a Vine Stalker Warper on Feb 13, 2023.
             Slain by Crazy Yiuf
             ... wielding a +3 quarterstaff of chaos
              (1 damage)
             ... on level 3 of the Dungeon.
             The game lasted 00:13:21 (3246 turns).

tizbic2 the Grasshopper (Vine Stalker Warper)       Turns: 3246, Time: 00:13:21

Health: 0/23       AC:  7    Str: 15 (16) XL:     4   Next: 2%
Magic:  0/26       EV: 11    Int: 12 (13) God:
Gold:   185        SH:  0    Dex: 20 (23) Spells: 5/7 levels left

rFire   . . .      SeeInvis .   a - +0 broad axe
rCold   . . .      Faith    .   (no shield)
rNeg    . . .      Spirit   +   t - +0 ring mail of Eniulath {MP+9 Str+2 Dex+8}
rPois   .          Reflect  .   (no helmet)
rElec   .          Harm     .   (no cloak)
rCorr   .          Rampage  .   (no gloves)
Will    .....                   q - +1 pair of boots
Stlth   +.........              (no amulet)
HPRegen 0.87/turn               e - ring of flight
MPRegen 0.20/turn               d - ring of magical power

@: attractive, flying
A: fangs 2, regeneration 1, magic shield, antimagic bite, no potion heal 2
a: no special abilities


You were on level 3 of the Dungeon.
You visited 1 branch of the dungeon, and saw 3 of its levels.

You collected 185 gold pieces.

Inventory:

Hand Weapons
 a - a +0 broad axe (weapon)
 k - a +0 mace
 s - a +0 hand axe
 w - a +0 sling
Missiles
 c - 7 boomerangs of dispersal
 g - 2 boomerangs
 i - 20 stones (quivered)
 n - 4 poisoned darts
 v - a throwing net
Armour
 q - a +1 pair of boots (worn)
 t - the +0 ring mail of Eniulath (worn) {MP+9 Str+2 Dex+8}
   (You found it on level 2 of the Dungeon)

   Str:       It affects your strength (+2).
   Dex:       It affects your dexterity (+8).
   MP:        It affects your magic capacity (+9).
Jewellery
 d - a ring of magical power (right hand)
 e - a ring of flight (left hand)
 y - a ring of fire
Wands
 h - a wand of polymorph (2)
Scrolls
 b - a scroll of blinking
 j - a scroll of fear
 r - 3 scrolls of silence
 u - a scroll of teleportation
 x - a scroll of brand weapon {unknown}
Potions
 m - a potion of mutation
 o - 2 potions of attraction


   Skills:
 + Level 2.2 Fighting
 * Level 2.0 Axes
 + Level 0.9 Ranged Weapons
 - Level 0.8 Throwing
 - Level 1.0 Armour
 - Level 1.5 Dodging
 - Level 2.1 Unarmed Combat
 - Level 2.3 Spellcasting
 - Level 3.1 Translocations


You had 5 spell levels left.
You knew the following spells:

 Your Spells              Type           Power      Damage    Failure   Level
a - Blink                 Tloc           16%        N/A       22%         2

Your spell library contained the following spells:

 Spells                   Type           Power      Damage    Failure   Level
 Gell's Gravitas          Tloc           8%         N/A       41%         3
 Lesser Beckoning         Tloc           8%         N/A       41%         3
 Teleport Other           Tloc           8%         N/A       41%         3
 Summon Small Mammal      Summ           4%         N/A       45%         1
 Sublimation of Blood     Necr           1%         N/A       61%         2
 Wereblood                Tmut           1%         N/A       61%         2
 Call Canine Familiar     Summ           1%         N/A       83%         3
 Summon Guardian Golem    Hex/Summ       1%         N/A       83%         3
 Manifold Assault         Tloc           8%         N/A       99%         5
 Summon Hydra             Summ           0%         N/A       100%        7


Dungeon Overview and Level Annotations

Branches:
Dungeon (3/15)

Altars:
Elyvilon
Fedhas
Qazlal

Shops:
D:1 *

Annotations:
D:3 Crazy Yiuf


Innate Abilities, Weirdness & Mutations

You have extremely sharp teeth.
Your natural rate of healing is unusually fast.
When hurt, damage is shared between your health and your magic reserves.
Your bite disrupts and absorbs the magic of your enemies.
Potions cannot restore your health.


Message History

a +0 club; a goblin skeleton You see here a +0 morningstar.
There is an open door here.
Crazy Yiuf shouts!
Crazy Yiuf says, "Two!"
a - a +0 broad axe (weapon)
It was a potion of magic.
Magic courses through your body.
Crazy Yiuf cries, "Announcement foot foot!"
You reach down and open the door.
You hit Crazy Yiuf but do no damage. Crazy Yiuf barely misses you.
You hit Crazy Yiuf.
Crazy Yiuf is moderately wounded.
Crazy Yiuf hits you with a +3 quarterstaff of chaos!
You are poisoned.
Crazy Yiuf hits you but does no damage.
You completely miss Crazy Yiuf.
Crazy Yiuf is moderately wounded.
You feel very sick.
Crazy Yiuf screams, "Mugger!"
Crazy Yiuf hits you with a +3 quarterstaff of chaos.
Crazy Yiuf freezes you.
It was a potion of attraction.
You feel attractive to monsters.
You feel very sick.
Crazy Yiuf hits you with a +3 quarterstaff of chaos.
* * * LOW HITPOINT WARNING * * *
It was a potion of degeneration.
There was something very wrong with that liquid.
You feel weakened.
You feel dopey.
You feel clumsy.
* * * LOW HITPOINT WARNING * * *
You feel sick.
Crazy Yiuf hits you with a +3 quarterstaff of chaos.
* * * LOW HITPOINT WARNING * * *
Crazy Yiuf freezes you.
* * * LOW HITPOINT WARNING * * *
It was a potion of curing.
Your system rejects the healing.
You feel better.
Crazy Yiuf hits you with a +3 quarterstaff of chaos!
* * * LOW HITPOINT WARNING * * *
Crazy Yiuf freezes you.
You die...

#........# ##..#
#........# ##..##
#........# #..## #
########## #..#####
#.......
########'######
###**###.#..#....# #
#...##..#........#
#...g@####.......#####
#)..### ##.#....#....
###** ####รท..#....
#...#.... #...#....
#######...#....
#..............
##########.....
######....


You could see Crazy Yiuf.

Vanquished Creatures
  An adder (D:3)
  3 worms
  2 dart slugs
  4 ball pythons
  3 endoplasms
  4 goblins
  5 hobgoblins
  A jackal (D:3)
  3 kobolds (D:1)
  3 quokkas
  2 bats
  3 frilled lizards
  3 rats (D:1)
37 creatures vanquished.

Vanquished Creatures (others)
  2 plants (D:1)
2 creatures vanquished.

Grand Total: 39 creatures vanquished

Notes
Turn   | Place    | Note
-------+----------+-------------------------------------------
     0 | D:1      | tizbic2 the Vine Stalker Warper began the quest for the
                  | Orb.
     0 | D:1      | Reached XP level 1. HP: 11/11 MP: 4/4
   102 | D:1      | Reached XP level 2. HP: 3/15 MP: 3/6
   359 | D:1      | Reached skill level 1 in Armour
   431 | D:1      | Found a faded altar of an unknown god.
   438 | D:1      | Reached skill level 1 in Axes
   877 | D:1      | Found Odeocw's General Store.
  1174 | D:2      | Reached XP level 3. HP: 18/18 MP: 5/7
  2036 | D:2      | Learned a level 2 spell: Blink
  2361 | D:2      | Identified the +0 ring mail of Eniulath {MP+9 Str+2 Dex+8}
  2805 | D:3      | Found a white marble altar of Elyvilon.
  2806 | D:3      | Found a blossoming altar of Fedhas.
  2820 | D:3      | Found a stormy altar of Qazlal.
  2955 | D:3      | Found a runed translucent door.
  2956 | D:3      | Noticed Crazy Yiuf
  3052 | D:3      | Gained mutation: Your natural rate of healing is unusually
                  | fast. [Vine Stalker growth]
  3052 | D:3      | Reached XP level 4. HP: 23/23 MP: 8/8
  3246 | D:3      | HP: 1/23 [Crazy Yiuf/+3 quarterstaff of chaos (2)]
  3246 | D:3      | Slain by Crazy Yiuf

Illustrated notes

Levels and vault maps discovered:
D:1:      grunt_arrival_lava_bath, layout_loops_ring,
          hellmonk_ecumenical_altar_arch_garden, serial_shops, shop,
          serial_bayou_crossing
D:2:      layout_basic
D:3:      minmay_general_purpose_star, layout_basic, grunt_temple_overflow_open,
          uniq_crazy_yiuf_cottage

Skill      XL: |  1  2  3 |
---------------+----------+-----
Armour         | 1 |  1.0
Axes           | 1 2 |  2.0
Fighting       | 2 |  2.2
Ranged Weapons | |  0.9
Throwing       | |  0.8
Dodging        | |  1.5
Unarmed Combat | |  2.1
Spellcasting   | |  2.3
Translocations | |  3.1

Action                   |  1- 3 |  4- 6 || total
-------------------------+-------+-------++-------
Melee: Broad axe         |    44 |     3 ||    47
       Bite              |    31 |       ||    31
       Mace              |    34 |       ||    34
       Hand axe          |     8 |       ||     8
 Fire: Sling             |     7 |     1 ||     8
Throw: Boomerang         |     2 |       ||     2
       Dart              |     1 |       ||     1
       Stone             |     1 |       ||     1
  Use: Scroll            |     9 |       ||     9
       Potion            |       |     4 ||     4
 Stab: Sleeping          |     1 |       ||     1
Armor: Leather armour    |    19 |       ||    19
       Ring mail         |     8 |     1 ||     9
Dodge: Dodged            |    45 |     1 ||    46
